 Dungeon Crawl Stone Soup version 0.31-a0-408-gb642c7f9a3 (webtiles) character file.

Game seed: 2859583241572832467

16 shadowstone the Changeling (level 2, 0/18 HPs)
             Began as an Octopode Shapeshifter on July 29, 2023.
             Frozen to death by an endoplasm (5 damage)
             ... on level 1 of the Dungeon.
             The game lasted 00:01:55 (432 turns).

shadowstone the Changeling (Octopode Shapeshifter)   Turns: 432, Time: 00:01:55

Health: 0/18       AC:  1    Str: 14    XL:     2   Next: 58%
Magic:  2/2        EV: 13    Int: 10    God:
Gold:   16         SH:  0    Dex: 12    Spells: 1/1 levels left

rFire   . . .        h - +0 quarterstaff (speed)
rCold   . . .        (shield currently unavailable)
rNeg    . . .        (helmet currently unavailable)
rPois   .            (no amulet)
rElec   .            (no ring)
rCorr   .            (no ring)
SInv    .            (no ring)
Will    .....        (no ring)
Stlth   ++           (no ring)
HPRegen 0.23/turn    (no ring)
MPRegen 0.08/turn    (no ring)
                     (no ring)

%: no passive effects
@: beast-form
A: beast (slay +2), almost no armour, amphibious, 8 rings, camouflage 1,
gelatinous body 1, (nimble swimmer 1), tentacles
a: Begin Untransformation


You were on level 1 of the Dungeon.
You were a hulking beast.
You visited 1 branch of the dungeon, and saw 1 of its levels.

You collected 16 gold pieces.

Inventory:

Hand Weapons
 h - a +0 quarterstaff of speed (weapon)
Talismans
 b - a beast talisman
Scrolls
 c - a scroll of enchant armour {unknown}
 f - a scroll of vulnerability {unknown}
Potions
 a - a potion of lignification
 d - a potion of heal wounds {unknown}
 e - a potion of might {unknown}
 g - a potion of degeneration {unknown}


   Skills:
 + Level 1.0 Fighting
 + Level 2.0 Dodging
 + Level 0.4 Stealth
 + Level 3.2 Unarmed Combat
 + Level 3.3 Shapeshifting


You had one spell level left.
You didn't know any spells.
Your spell library was empty.

Dungeon Overview and Level Annotations

Branches:
Dungeon (1/15)

Altars:


Innate Abilities, Weirdness & Mutations

You are a hulking beast.
Your limbs bulge with bestial killing power. (Slay +2)
You cannot wear most types of armour.
You are amphibious.
You can wear up to eight rings at the same time.
Your skin changes colour to match your surroundings (Stealth+).
Your rubbery body absorbs attacks. (AC +1, EV +1)
((You are camouflaged when in or above water. (Stealth+)))
You have tentacles for arms and can constrict up to eight enemies at once.


Message History

You see here a +0 quarterstaff of speed.
There is a dry fountain here.
You see here a +0 quarterstaff of speed.
There is a dry fountain here.
You see here a +0 quarterstaff of speed.
h - a +0 quarterstaff of speed Your tentacles tingle!
h - a +0 quarterstaff of speed (weapon)
Things that are here:
a +0 club; a goblin corpse Why would you want to do that?
You open the door.
An endoplasm and a goblin come into view.
The endoplasm quivers.
The goblin shouts!
You hear a shout!
There is an open door here.
An endoplasm comes into view.
The goblin closely misses you.
You barely miss the goblin. You grab the goblin. You constrict the goblin.
The goblin misses you. The endoplasm freezes you.
You are frozen.
You sock the goblin!
You kill the goblin!
An endoplasm comes into view.
The endoplasm hits you. The endoplasm freezes you.
You are frozen.
You see here a +0 dagger.
The endoplasm quivers.
The endoplasm freezes you.
You are frozen.
The endoplasm attacks as you move away! The endoplasm barely misses you.
The endoplasm attacks as you move away! The endoplasm hits you.
* * * LOW HITPOINT WARNING * * *
You hit the endoplasm. You squeeze the endoplasm.
You kill the endoplasm!
The endoplasm freezes you.
You are frozen.
You die...

########........ ..........#
.............#.........####..###
.............+........ #..#
.............#....... #..####
...######........... ###......
...# .......... #.......# ...#
..##..... ###########'# ...# .##
##.J#+##§≈≈§≈§≈≈≈≈.≈ #### ##
#h.).§.........#.≈ #
##J..#≈.######.#.≈ #
#..##≈.#....#.#.≈
#...##≈.#.##.#.#.§
#.#.##≈.#.#⌠.#.#.≈ .
#..#.##≈.#)####.#.≈ #.
#..##.##§.#......#§≈ ...
..##≈.########.≈ #≈...........


You could see 2 endoplasms.

Vanquished Creatures
  A bat (D:1)
  3 endoplasms (D:1)
  A giant cockroach (D:1)
  4 goblins (D:1)
  2 quokkas (D:1)
  A frilled lizard (D:1)
  3 rats (D:1)
15 creatures vanquished.

Notes
Turn   | Place    | Note
-------+----------+-------------------------------------------
     0 | D:1      | shadowstone the Octopode Shapeshifter began the quest for
                  | the Orb.
     0 | D:1      | Reached XP level 1. HP: 13/13 MP: 1/1
   152 | D:1      | Reached XP level 2. HP: 18/18 MP: 2/2
   227 | D:1      | Found a faded altar of an unknown god.
   432 | D:1      | Frozen to death by an endoplasm

Illustrated notes

Levels and vault maps discovered:
D:1:      dpeg_arrival_ternary, layout_basic, basic_ecumenical_altar,
          kennysheep_small_spiral, nicolae_concentric_dashed_squares_wild,
          kennysheep_another_room, minmay_misc_feat_columns, minmay_heptomino_w4

Action                     || total
---------------------------++-------
  Melee: Unarmed           ||    20
         Tentacles         ||     3
         Constrict         ||     4
         Quarterstaff      ||     3
   Stab: Sleeping          ||     2
 Armour: Skin              ||     1
  Dodge: Dodged            ||    15

Table legend: (Time is in decaauts)
 A = Elapsed time spent in this place.
 B = Non-inter-level travel time spent in this place.
 C = Inter-level travel time spent in this place.
 D = Time resting spent in this place.
 E = Time spent auto-exploring this place.
 F = Levels seen in this place.
 G = Mean time per level.
                   A        B        C        D        E       F      G
               +--------+--------+--------+--------+--------+-----+--------+
         Total |    430 |    427 |      3 |      0 |    112 |   1 |  430.0 |
       Dungeon |    430 |    427 |      3 |      0 |    112 |   1 |  430.0 |
               +--------+--------+--------+--------+--------+-----+--------+

Top non-repeatable levels by time:
     D:1: 430 daAuts
